 Dungeon Crawl Stone Soup version 0.23-a0-171-g5ae17c6e89 (webtiles) character file.

175848 PikkenKukken the Brawler (level 17, 0/166 HPs)
             Began as a Demonspawn Berserker on Sept 12, 2018.
             Was the Champion of Trog.
             Shot with a bolt by Vashnia (13 damage)
             ... on level 3 of the Snake Pit on Sept 13, 2018.
             The game lasted 01:03:25 (26478 turns).

PikkenKukken the Brawler (Demonspawn Berserker)    Turns: 26478, Time: 01:03:27

Health: 0/166      AC: 32    Str: 25    XL:     17   Next: 49%
Magic:  28/28      EV: 22    Int:  8    God:    Trog [******]
Gold:   3937       SH:  7    Dex: 30    Spells: 16/16 levels left

rFire    + + +     SeeInvis +     - Unarmed
rCold    x . .     Gourm    .   l - +0 buckler
rNeg     + + +     Faith    .   P - +3 chain mail
rPois    .         Spirit   .   E - +5 hat of the Hippo {rF+ Dex+10 SInv}
rElec    .         Reflect  .   R - +5 cloak of Conatuk {-Cast rF++}
rCorr    .         Harm     .   a - +0 pair of gloves
MR       +....     NoCast   +   t - +2 pair of boots of Vanity {rC- Dex+6 Slay+3}
Stlth    ..........             H - amulet of Qaokinop {+Rage rN++}
HPRegen  1.37/turn              F - ring "Gangur" {+Fly rN+ MP+9 Str+3 Dex-4}
MPRegen  0.21/turn              V - +2 ring of slaying

@: lethally poisoned (0 -> -1), studying Throwing
A: antennae 1, agile 1, fire resistance 1, ignite blood, low mp 1, powered by
death 3, robust 2, augmentation 1, flame cloud immunity, sturdy frame 2
a: Berserk, Trog's Hand, Brothers in Arms, Renounce Religion, Evoke Berserk
Rage, Evoke Flight


You were on level 3 of the Snake Pit.
You worshipped Trog.
Trog was exalted by your worship.
You were not hungry.

You visited 5 branches of the dungeon, and saw 29 of its levels.
You also visited: Sewer and Bailey.

You collected 4357 gold pieces.
You spent 420 gold pieces at shops.

Inventory:

Armour
 a - a +0 pair of gloves (worn)
 l - a +0 buckler (worn)
 t - the +2 pair of boots of Vanity (worn) {rC- Dex+6 Slay+3}
   (You found it on level 4 of the Dungeon)

   It affects your dexterity (+6).
   It affects your accuracy and damage with ranged weapons and melee attacks
   (+3).
   It makes you vulnerable to cold.
 E - the +5 hat of the Hippo (worn) {rF+ Dex+10 SInv}
   (You acquired it on level 8 of the Dungeon)

   It affects your dexterity (+10).
   It protects you from fire.
   It lets you see invisible.
 I - a scarf of cloud immunity
 P - a +3 chain mail (worn)
 R - the +5 cloak of Conatuk (worn) {-Cast rF++}
   (You found it on level 6 of the Lair of Beasts)

   It greatly protects you from fire.
   It prevents spellcasting.
 W - a +0 large shield
Jewellery
 A - an uncursed ring of protection from magic
 F - the ring "Gangur" (left hand) {+Fly rN+ MP+9 Str+3 Dex-4}
   (You acquired it on level 10 of the Dungeon)

   [ring of positive energy]

   It affects your strength (+3).
   It affects your dexterity (-4).
   It protects you from negative energy.
   It affects your magic capacity (+9).
   It lets you fly.
 H - the amulet of Qaokinop (around neck) {+Rage rN++}
   (You found it on level 1 of the Lair of Beasts)

   [amulet of rage]

   It greatly protects you from negative energy.
   It lets you go berserk.
 S - an uncursed ring of see invisible
 V - a +2 ring of slaying (right hand)
Wands
 f - a wand of scattershot (5)
 h - a wand of enslavement (20)
 j - a wand of acid (26)
 p - a wand of flame (59)
 s - a wand of random effects (27)
 B - a wand of paralysis (32)
 J - a wand of digging (7)
 L - a wand of polymorph (10)
 O - a wand of iceblast (39)
Scrolls
 g - 9 scrolls of remove curse
 i - 9 scrolls of teleportation
 n - 5 scrolls of fear
 o - 5 scrolls of blinking
 r - a scroll of fog
 y - 3 scrolls of enchant armour
 K - 3 scrolls of magic mapping
 N - 3 scrolls of enchant weapon
 Q - a scroll of brand weapon
Potions
 c - 7 potions of heal wounds
 d - 6 potions of berserk rage
 e - a potion of lignification
 k - a potion of ambrosia
 m - 4 potions of agility
 q - 5 potions of brilliance
 u - a potion of resistance
 v - 4 potions of invisibility
 w - 4 potions of cancellation
 x - 2 potions of flight
 z - 2 potions of mutation
 D - 5 potions of haste
 G - 2 potions of magic
 M - 6 potions of curing
 U - a potion of might {unknown}
Books
 C - a manual of Throwing
Miscellaneous
 T - a phantom mirror
Comestibles
 b - 52 rations


   Skills:
 + Level 14.1 Fighting
 + Level 13.0 Armour
 + Level 13.1 Dodging
 + Level 4.6 Shields
 * Level 17.5 Unarmed Combat
 + Level 6.0 Evocations


You had 16 spell levels left.
You didn't know any spells.
Your spell library was empty.

Dungeon Overview and Level Annotations

Branches:
Dungeon (15/15)            Temple (0/1) D:6            Lair (6/6) D:10
  Swamp (3/4) Lair:3        Snake (3/4) Lair:2        Slime (0/5) Lair:5
    Orc (2/2) D:12            Elf (0/3) Orc:2
 Vaults: D:13-14     Depths: D:15

Altars:
Ashenzari
Cheibriados
Dithmenos
Elyvilon
Gozag
Okawaru
Sif Muna
Uskayaw
Vehumet
Wu Jian
Xom
Yredelemnul
Beogh
Jiyva

Shops:
D:6 :   D:9 }   Orc:2 *([:

Annotations:
D:10 2 transporters, P0WERM0DE's ghost, novice DDFi
Swamp:1 exclusion: Roxanne, Roxanne
Snake:3 Vashnia


Innate Abilities, Weirdness & Mutations

You have a pair of small antennae on your head.
Your flesh is heat resistant. (rF+)
Your demonic aura causes spilled blood to erupt in flames.
You regenerate a lot of health from kills.
Your magical and physical power is slightly enhanced at high health.
You are immune to clouds of flame.
Your movements are less encumbered by armour. (ER -4)
You are agile. (Dex +2)
Your magical capacity is low. (-10% MP)
You are very robust. (+20% HP)


Message History

The naga sharpshooter casts a spell.
The naga sharpshooter magically shoots an arrow.
The arrow hits you!
* * * LOW HITPOINT WARNING * * *
Things that are here:
8 bolts; 4 arrows You feel sick.
The naga sharpshooter gestures wildly while chanting.
The naga sharpshooter magically shoots a bolt.
The bolt hits you.
* * * LOW HITPOINT WARNING * * *
The naga sharpshooter shoots an arrow.
You block the arrow.
The naga sharpshooter is engulfed in blazing flames.
The naga sharpshooter gestures wildly while chanting.
The naga sharpshooter magically shoots a bolt.
The bolt hits you but does no damage.
Vashnia shoots a bolt.
The bolt hits you!!
* * * LOW HITPOINT WARNING * * *
The bolt freezes you!
You die...

#..... ......# ##
#..... #.N...# ...
#..... #.....# ....
#...## ##N§NNN#
...<###...# #NN.§§§#
#....#...####..(.§(#
###.......##.)(§!..#
##.........##(§#....#
........#..(.@(###..#
........##...### #.#
........##.(.# .#
........###..# .#
........######
..........#####
#####...>.....#
#####.....# ####..#


You could see Vashnia and 6 naga sharpshooters.

Vanquished Creatures
  Frances (Lair:2)
  3 thorn hunters
  Gastronok (D:8)
  Kirke (Swamp:1)
  An orc warlord (D:12)
  The ghost of Miuff the Severer, a journeyman MiFi of Okawaru (D:13)
  5 dire elephants (Lair:6)
  Azrael (D:13)
  Snorg (D:10)
  The ghost of P0WERM0DE the Cleaver, a journeyman DDFi of Makhleb (Orc:2)
  Josephine (D:13)
  A deep elf high priest (D:13)
  Erolcha (D:13)
  6 naga warriors
  11 anacondas
  10 hydras
  4 centaur warriors
  A ghost crab (Swamp:3)
  14 alligators
  2 shambling mangroves
  4 orc high priests
  2 two-headed ogres
  A death yak (Lair:2)
  A shock serpent (Snake:2)
  7 naga sharpshooters
  A tengu warrior (D:13)
  2 salamander mystics
  4 skeletal warriors (D:15)
  An unseen horror (D:14)
  2 sea snakes (Snake:2)
  A spriggan druid (Swamp:3)
  2 swamp dragons (Swamp:2)
  9 naga ritualists
  15 mana vipers
  Pikel (D:9)
  A deep elf mage (D:13)
  5 orc knights
  5 orc sorcerers
  7 ugly things
  A manticore (D:12)
  4 salamanders (Snake:2)
  3 cyclopes
  15 elephants
  7 naga magi
  Maurice (D:11)
  A guardian serpent (Snake:2)
  27 black mambas
  A torpor snail (Lair:2)
  2 gargoyles (D:11)
  18 spiny frogs
  5 rime drakes
  5 komodo dragons
  2 centaur skeletons
  A tengu conjurer (D:14)
  4 trolls (Orc:1)
  A wolf spider simulacrum (D:15)
  10 hornets
  4 queen bees
  17 slime creatures
  9 blink frogs
  5 tyrant leeches
  8 bog bodies
  2 harpy skeletons
  11 hippogriffs
  6 dream sheep (Lair:4)
  7 spriggans
  A vampire (D:10)
  A water elemental (D:13)
  3 wyverns
  7 shadows
  7 wraiths
  2 fire elementals (D:13)
  20 yaks
  A hog (shapeshifter) (D:13)
  5 basilisks
  A hungry ghost (D:12)
  17 vampire mosquitoes
  5 wargs
  19 nagas
  10 swamp worms
  23 water moccasins
  3 hell hounds (D:13)
  9 porcupines
  5 ice beasts
  56 orc warriors
  7 swamp drakes
  5 sky beasts
  A slave (D:9)
  2 black bears
  4 phantoms
  2 necrophages
  43 wolves
  11 ogres
  16 centaurs
  14 crocodiles
  A big kobold (D:11)
  16 bullfrogs
  A gnoll sergeant (D:9)
  Blork the orc (D:4)
  3 scorpions
  72 killer bees
  8 wights
  3 electric eels
  5 howler monkeys
  4 crimson imps
  5 quasits
  A centaur zombie (D:10)
  A gnoll shaman (D:6)
  8 hounds
  A jelly (D:10)
  20 orc priests
  25 orc wizards
  4 iguanas
  9 worker ants
  A hell rat (Lair:3)
  A killer bee zombie (D:10)
  A hound zombie (D:6)
  2 worker ant zombies
  Robin (D:3)
  5 adders
  7 gnolls
  2 shadow imps
  An ooze (D:6)
  2 adder zombies
  4 adder skeletons
  6 worms
  2 dart slugs
  7 leopard geckos
  122 orcs
  2 ball pythons
  10 bats
  11 giant cockroaches
  14 goblins
  7 hobgoblins
  15 jackals
  12 kobolds
  4 quokkas
  7 frilled lizards
  10 rats
  3 plants (Lair:6)
1062 creatures vanquished.

Vanquished Creatures (collateral kills)
  Saint Roka (Orc:2)
  Jorgrun (Swamp:1)
  Louise (Snake:1)
  Nessos (Lair:4)
  A shambling mangrove (Swamp:1)
  A spriggan (Swamp:1)
  A mana viper (Lair:2)
  2 black mambas (Lair:2)
  A hornet (Swamp:1)
  4 hogs (Swamp:1)
  2 nagas (Snake:1)
  An ogre (Orc:2)
  A killer bee (D:10)
  An orc priest (Orc:2)
  An orc wizard (Orc:2)
  A howler monkey skeleton (D:10)
  2 orcs
23 creatures vanquished.

Vanquished Creatures (others)
  A hornet (Swamp:2)
  A wight (D:14)
  A centaur skeleton (D:9)
  A fungus (Lair:6)
  A plant (Lair:3)
5 creatures vanquished.

Grand Total: 1090 creatures vanquished

Notes
Turn   | Place    | Note
-------+----------+-------------------------------------------
     0 | D:1      | PikkenKukken the Demonspawn Berserker began the quest for
                  | the Orb.
     0 | D:1      | Reached XP level 1. HP: 18/18 MP: 1/1
    86 | D:1      | Gained mutation: You regenerate a little health from kills.
                  | [demonic ancestry]
    86 | D:1      | Reached XP level 2. HP: 24/24 MP: 2/2
   101 | D:1      | Reached skill level 3 in Unarmed Combat
   607 | D:2      | Upgraded the game from 0.23-a0-169-gb21e69520c to
                  | 0.23-a0-171-g5ae17c6e89
   727 | D:2      | Gained mutation: You have a pair of small antennae on your
                  | head. [demonic ancestry]
   727 | D:2      | Reached XP level 3. HP: 26/29 MP: 3/3
  1237 | D:2      | Reached ** piety under Trog
  1710 | D:3      | Found a glowing drain.
  1737 | D:3      | Gained mutation: Your movements are slightly less
                  | encumbered by armour. (ER -2) [demonic ancestry]
  1737 | D:3      | Reached XP level 4. HP: 28/35 MP: 4/4
  1752 | Sewer    | Entered a sewer
  1965 | Sewer    | Noticed a crocodile
  1973 | Sewer    | Killed a crocodile
  1973 | Sewer    | Gained mutation: You regenerate health from kills. [demonic
                  | ancestry]
  1973 | Sewer    | Reached XP level 5. HP: 42/42 MP: 5/5
  2072 | D:3      | Noticed a centaur
  2088 | D:3      | Killed a centaur
  2088 | D:3      | Reached skill level 4 in Unarmed Combat
  2260 | D:3      | Gained mutation: Your flesh is heat resistant. (rF+)
                  | [demonic ancestry]
  2260 | D:3      | Reached XP level 6. HP: 30/48 MP: 6/6
  2458 | D:3      | Reached *** piety under Trog
  2599 | D:3      | Noticed Robin
  2611 | D:3      | Killed Robin
  3115 | D:4      | Reached skill level 5 in Unarmed Combat
  3115 | D:4      | Reached XP level 7. HP: 55/55 MP: 7/7
  3140 | D:4      | Found a deep blue altar of Sif Muna.
  3154 | D:4      | Got a pair of jewelled boots
  3160 | D:4      | Identified the +2 pair of boots of Vanity {rC- Dex+6
                  | Slay+3} (You found it on level 4 of the Dungeon)
  3321 | D:4      | Noticed Blork the orc
  3327 | D:4      | Killed Blork the orc
  3436 | D:4      | Found a hide-covered altar of Uskayaw.
  3727 | D:4      | Found an opulent altar of Gozag.
  3880 | D:5      | Entered Level 5 of the Dungeon
  4040 | D:5      | Reached skill level 5 in Fighting
  4149 | D:5      | Found a shimmering altar of Xom.
  4180 | D:5      | Found a shadowy altar of Dithmenos.
  4219 | D:5      | Found a deep blue altar of Sif Muna.
  4237 | D:5      | Gained mutation: You are immune to clouds of flame.
                  | [demonic ancestry]
  4237 | D:5      | Reached XP level 8. HP: 62/62 MP: 8/8
  4319 | D:5      | Found a radiant altar of Vehumet.
  4326 | D:5      | Reached skill level 6 in Unarmed Combat
  4493 | D:5      | Reached **** piety under Trog
  4579 | D:6      | Found a staircase to the Ecumenical Temple.
  4700 | D:6      | Found Bydwics's Book Shoppe.
  5146 | D:6      | Found an ornate altar of the Wu Jian Council.
  5268 | D:7      | Reached skill level 7 in Unarmed Combat
  5294 | D:7      | Found a shattered altar of Ashenzari.
  5299 | D:7      | Noticed a hippogriff
  5316 | D:7      | Killed a hippogriff
  5316 | D:7      | Reached skill level 5 in Armour
  5316 | D:7      | Reached skill level 5 in Dodging
  5348 | D:7      | Reached XP level 9. HP: 63/69 MP: 9/9
  5368 | D:7      | Received a gift from Trog
  5570 | D:7      | Found a snail-covered altar of Cheibriados.
  6185 | D:8      | Reached skill level 8 in Unarmed Combat
  6265 | D:8      | Found a basalt altar of Yredelemnul.
  6383 | D:8      | Identified 2 scrolls of acquirement
  6386 | D:8      | Got a spiked hat
  6392 | D:8      | Identified the +5 hat of the Hippo {rF+ Dex+10 SInv} (You
                  | acquired it on level 8 of the Dungeon)
  6459 | D:8      | Noticed Gastronok
  6475 | D:8      | Killed Gastronok
  6475 | D:8      | Reached skill level 9 in Unarmed Combat
  6475 | D:8      | Gained mutation: Your magical and physical power is
                  | slightly enhanced at high health. [demonic ancestry]
  6475 | D:8      | Reached XP level 10. HP: 79/79 MP: 10/10
  7004 | D:8      | Found a white marble altar of Elyvilon.
  7153 | D:9      | Reached ***** piety under Trog
  7215 | D:9      | Noticed Pikel
  7224 | D:9      | Killed Pikel
  7224 | D:9      | Reached skill level 10 in Unarmed Combat
  7332 | D:9      | Found an iron altar of Okawaru.
  7411 | D:9      | Found Pounn's Gadget Boutique.
  7816 | D:10     | Entered Level 10 of the Dungeon
  7913 | D:10     | Got a heavily runed lead ring
  7915 | D:10     | Identified the ring "Gangur" {+Fly rN+ MP+9 Str+3 Dex-4}
                  | (You acquired it on level 10 of the Dungeon)
  7925 | D:10     | Found a staircase to the Lair.
  7940 | D:10     | Got a glittering jade amulet
  7961 | D:10     | Noticed Snorg
  8277 | D:10     | Reached skill level 1 in Evocations
  8277 | D:10     | Reached XP level 11. HP: 80/86 MP: 11/11
  8311 | D:10     | Killed Snorg
  8548 | D:10     | Found a transporter.
  8549 | D:10     | Noticed P0WERM0DE's ghost (novice DDFi)
  8564 | D:10     | Found a transporter.
  8696 | Lair:1   | Entered Level 1 of the Lair of Beasts
  8733 | Lair:1   | Noticed a spriggan rider
  8821 | Lair:1   | Reached skill level 11 in Unarmed Combat
  9039 | Lair:1   | Identified the amulet of Suhum {Inacc Dex+5} (You found it
                  | on level 10 of the Dungeon)
  9049 | Lair:1   | Got a crude bronze amulet
  9050 | Lair:1   | Identified the amulet of Qaokinop {+Rage rN++} (You found
                  | it on level 1 of the Lair of Beasts)
  9099 | Lair:1   | Reached XP level 12. HP: 95/95 MP: 15/15
  9150 | Lair:1   | Gained mutation: You are agile. (Dex +2) [potion of
                  | mutation]
  9150 | Lair:1   | Gained mutation: You are robust. (+10% HP) [potion of
                  | mutation]
  9150 | Lair:1   | Gained mutation: Your magical capacity is low. (-10% MP)
                  | [potion of mutation]
  9150 | Lair:1   | Gained mutation: You are very robust. (+20% HP) [potion of
                  | mutation]
  9586 | Lair:2   | Found a staircase to the Snake Pit.
  9721 | Lair:2   | Noticed a death yak
  9744 | Lair:2   | Killed a death yak
 10407 | Lair:2   | Received a gift from Trog
 10709 | Lair:3   | Reached skill level 5 in Evocations
 10906 | Lair:3   | Reached skill level 12 in Unarmed Combat
 11123 | Lair:3   | Reached ****** piety under Trog
 11140 | Lair:3   | Reached skill level 10 in Fighting
 11414 | Lair:3   | Found a staircase to the Swamp.
 11852 | Lair:3   | Reached XP level 13. HP: 123/123 MP: 15/15
 12318 | Lair:4   | Noticed Nessos
 12323 | Lair:4   | Killed Nessos
 12840 | Lair:4   | Noticed Sonja
 12841 | Lair:4   | Noticed Sonja
 12841 | Lair:4   | Sonja changed into Sonja the queen bee
 12851 | Lair:4   | Killed Sonja the queen bee
 13308 | Lair:5   | Reached skill level 13 in Unarmed Combat
 13630 | Lair:5   | Received a gift from Trog
 13755 | Lair:5   | Found a staircase to the Slime Pits.
 13755 | Lair:5   | Found a viscous altar of Jiyva.
 14162 | Lair:6   | Entered Level 6 of the Lair of Beasts
 14218 | Lair:6   | Reached skill level 10 in Armour
 14218 | Lair:6   | Reached skill level 10 in Dodging
 14738 | Lair:6   | Gained mutation: Your movements are less encumbered by
                  | armour. (ER -4) [demonic ancestry]
 14738 | Lair:6   | Reached XP level 14. HP: 108/135 MP: 16/16
 15270 | Lair:6   | Got a scorched cloak
 15272 | Lair:6   | Got a transparent ring mail
 15286 | Lair:6   | Identified the cursed +1 ring mail of Heresy {MR+ Dex+4}
                  | (You found it on level 6 of the Lair of Beasts)
 15296 | Lair:6   | Identified the +5 cloak of Conatuk {-Cast rF++} (You found
                  | it on level 6 of the Lair of Beasts)
 15389 | Lair:6   | Reached skill level 14 in Unarmed Combat
 15575 | D:11     | Noticed Maurice
 15588 | D:11     | Killed Maurice
 15931 | D:11     | Received a gift from Trog
 16348 | D:12     | Found a flagged portal.
 16397 | Bailey   | Entered a bailey
 16785 | Bailey   | Received a gift from Trog
 16930 | D:12     | Found a staircase to the Orcish Mines.
 17626 | Orc:1    | Entered Level 1 of the Orcish Mines
 17641 | Orc:1    | Found a roughly hewn altar of Beogh.
 17641 | Orc:1    | Noticed an orc warlord
 17829 | D:12     | Killed an orc warlord
 18317 | Orc:1    | You fall through a shaft!
 18317 | Orc:2    | Entered Level 2 of the Orcish Mines
 18435 | Orc:2    | Found a staircase to the Elven Halls.
 18681 | Orc:2    | Found a roughly hewn altar of Beogh.
 18684 | Orc:2    | Received a gift from Trog
 18705 | Orc:2    | Found Henwi Mupt's Book Boutique.
 18939 | Orc:2    | Found a runed door.
 18941 | Orc:2    | Noticed P0WERM0DE's ghost (journeyman DDFi)
 18983 | Orc:2    | Noticed Saint Roka
 19035 | Orc:1    | Gained mutation: You regenerate a lot of health from kills.
                  | [demonic ancestry]
 19035 | Orc:1    | Reached XP level 15. HP: 144/144 MP: 17/17
 19055 | Orc:2    | Reached skill level 15 in Unarmed Combat
 19097 | Orc:2    | Killed Saint Roka
 19163 | Orc:2    | Killed P0WERM0DE's ghost
 19191 | Orc:2    | Found Ogopt's Antique Armour Shop.
 19197 | Orc:2    | Received a gift from Trog
 19198 | Orc:2    | Found a roughly hewn altar of Beogh.
 19369 | Orc:2    | Found a roughly hewn altar of Beogh.
 19410 | Orc:2    | Found a roughly hewn altar of Beogh.
 19411 | Orc:2    | Found Bixa's Assorted Antiques.
 19621 | Orc:2    | Found Muox's Antique Weapon Boutique.
 19707 | Orc:2    | Bought 3 scrolls of teleportation for 270 gold pieces
 19707 | Orc:2    | Bought a blackened moonstone ring for 150 gold pieces
 19774 | D:13     | Noticed Erolcha
 19782 | D:13     | Killed Erolcha
 19916 | D:13     | You fall through a shaft for 2 floors!
 19916 | D:15     | Entered Level 15 of the Dungeon
 20348 | D:13     | Found the +7 longbow "Piercer" {penet, EV-2}
 20366 | D:13     | Noticed Azrael
 20377 | D:13     | Killed Azrael
 20483 | D:13     | Found a runed door.
 20483 | D:13     | Noticed Miuff's ghost (journeyman MiFi)
 20503 | D:13     | Killed Miuff's ghost
 20795 | D:13     | Noticed Josephine
 20809 | D:13     | Killed Josephine
 20817 | D:13     | Received a gift from Trog
 21049 | Swamp:1  | Entered Level 1 of the Swamp
 21163 | Swamp:1  | Noticed Jorgrun
 21275 | Swamp:1  | Killed Jorgrun
 21720 | Swamp:1  | Reached skill level 16 in Unarmed Combat
 21777 | Swamp:1  | Noticed Kirke
 21790 | Swamp:1  | Killed Kirke
 21821 | Swamp:1  | Noticed Roxanne
 22083 | Swamp:2  | Reached XP level 16. HP: 132/156 MP: 18/18
 22285 | Swamp:2  | Noticed a thorn hunter
 22299 | Swamp:2  | Killed a thorn hunter
 22370 | Swamp:2  | Received a gift from Trog
 22731 | Swamp:3  | Noticed a thorn hunter
 22742 | Swamp:3  | Killed a thorn hunter
 22871 | Swamp:3  | Received a gift from Trog
 22928 | Swamp:3  | Noticed a thorn hunter
 22943 | Swamp:3  | Killed a thorn hunter
 23880 | Snake:1  | Entered Level 1 of the Snake Pit
 24255 | Snake:1  | Noticed Frances
 24273 | Lair:2   | Killed Frances
 24385 | Snake:1  | Reached skill level 17 in Unarmed Combat
 24401 | Snake:1  | Received a gift from Trog
 24524 | Snake:1  | Noticed Louise
 24531 | Snake:1  | Killed Louise
 24688 | Snake:1  | Reached skill level 1 in Shields
 25076 | Snake:2  | Gained mutation: Your demonic aura causes spilled blood to
                  | erupt in flames. [demonic ancestry]
 25076 | Snake:2  | Reached XP level 17. HP: 149/165 MP: 19/19
 26289 | Snake:3  | Received a gift from Trog
 26462 | Snake:3  | Noticed Vashnia
 26478 | Snake:3  | Shot with a bolt by Vashnia

Vault maps used:
D:1:      sevenhm_arrival_forest_fort_small_4, serial_forest,
          infiniplex_forest_3_way, infiniplex_forest_clump_curved,
          infiniplex_forest_straight_4, infiniplex_forest_lined_corner,
          infiniplex_forest_clump_diagonal, minmay_misc_feat_enclosed,
          minmay_misc_feat_columns, st_stairs_13
D:2:      minmay_pentomino_v2
D:3:      gup_sewer_entry_pipe, uniq_robin
D:4:      lemuel_doored_altar, grunt_gozag_breadcrumbs, marbit_many_paths,
          first_ration, uniq_blork_the_orc
D:5:      nicolae_overflow_crystal_walls, grunt_dithmenos_smoke,
          kennysheep_mini_moat, basic_altar
D:6:      kennysheep_mini, temple_fountains, serial_shops, shop
D:7:      cheibrodos_ashenzari_chains, cheibriados_altar_1
D:8:      kennysheep_ying_yang, uniq_gastronok
D:9:      serial_shops, shop, david_nohive_1, okawaru_ov_weapons_minmay,
          uniq_pikel
D:10:     lair_entry_dummy, gammafunk_ghost_mausoleum, uniq_snorg
D:11:     uniq_maurice
D:12:     orc_0_dummy, enter_bailey_8, kennysheep_generic_room_2
D:13:     ebering_ghost_inner_flame, minivault_14, uniq_erolcha, uniq_azrael,
          uniq_josephine
D:14:     erik_vaults_2, grunt_decor_arrowhead
D:15:     hangedman_depths_entry_civil_slaughter, serial_ice, serial_ice_f,
          serial_ice_d, serial_ice_n, serial_ice_k, basic_altar, special_room,
          fungi_pond_lemuel
Lair:1:   grunt_forest_large_clearings
Lair:2:   guppyfry_snake_entry_garden, grunt_megastairs_2
Lair:3:   regret_index_wax_grids, swamp_mist_pool, special_room
Lair:4:   portal_ice_cave_entry_pillars_2, beast_lair_carwin_9, uniq_sonja,
          uniq_nessos
Lair:5:   slime_altar_1
Lair:6:   due_jungle_book, infiniplex_staircase_pool_2, serial_bayou_shore_b,
          serial_bayou_shore_b
Swamp:1:  nicolae_swamp_orc_logging_accident, uniq_jorgrun, uniq_roxanne,
          uniq_kirke
Swamp:2:  evilmike_swamp_ruin_house_3
Swamp:3:  hangedman_swamp_ruin_wall
Snake:1:  uniq_louise, uniq_frances
Snake:2:  grunt_ministairs_9, st_stairs_9, nicolae_coiled_stairwell_down,
          lemuel_fruit_tree, serial_bayou_shore_a
Snake:3:  gammafunk_ghost_cemetery, uniq_vashnia
Orc:1:    mines2_david
Orc:2:    grunt_orc_community_town_hall, grunt_orc_community_big_house_2,
          grunt_orc_community_big_house_1, grunt_orc_community_house_1,
          grunt_orc_community_house_3, grunt_orc_community_house_2,
          grunt_orc_community_house_1, ebering_ghost_inner_flame,
          mines_bat_river
Sewer:    sewer_the_crocodile
Bailey:   bailey_polearm_2, bailey

Skill      XL: |  1  2  3  4  5  6  7  8  9 10 11 12 13 14 15 16 17 |
---------------+----------------------------------------------------+-----
Unarmed Combat | 3 4 5 7 9 10 11 12 13 14 16 17 | 17.5
Armour         | 2 3 4 5 6 7 8 9 10 11 12 13 | 13.0
Dodging        | 2 3 4 5 6 7 8 9 10 11 12 13 | 13.1
Fighting       | 4 5 6 7 8 9 10 11 12 13 14 | 14.1
Evocations     | 1 4 5 6 |  6.0
Shields        | 2 4 |  4.6

Action                   |  1- 3 |  4- 6 |  7- 9 | 10-12 | 13-15 | 16-18 || total
-------------------------+-------+-------+-------+-------+-------+-------++-------
Melee: Unarmed           |   206 |   186 |   369 |   851 |  1500 |   713 ||  3825
       Punch             |     6 |     4 |    22 |    99 |   209 |    80 ||   420
Invok: Berserk           |       |     4 |     4 |     3 |    10 |     3 ||    24
       Trog's Hand       |       |       |     1 |     3 |     4 |       ||     8
       Brothers in Arms  |       |       |       |     1 |     4 |     2 ||     7
Evoke: Wand              |       |       |       |       |    16 |       ||    16
  Use: Scroll            |     7 |     2 |     7 |    16 |    10 |     3 ||    45
       Potion            |       |       |       |     2 |       |       ||     2
 Stab: Confused          |       |       |       |       |       |     1 ||     1
  Eat: Chunk             |     2 |     8 |    15 |    10 |    43 |     6 ||    84
       Ration            |       |       |       |     4 |     1 |     4 ||     9
Armor: Scale mail        |    81 |    42 |       |    16 |    70 |       ||   209
       Chain mail        |       |    52 |   176 |   437 |   546 |   345 ||  1556
Dodge: Dodged            |   130 |    99 |   193 |   930 |  1443 |   621 ||  3416
Block: Large shield      |       |       |       |       |       |   219 ||   219
       Buckler           |       |       |       |       |       |    14 ||    14

Table legend:
 A = Non-vault XP
 B = Vault XP
 C = Vault XP percentage of total XP
 D = Non-vault monster count
 E = Vault monster count
 F = Vault count percentage of total count
                 A         B        C        D         E       F
            +---------+---------+-------+---------+---------+-------
      Total |  191076 |   61044 |  24.2 |     768 |     313 |  29.0
            +---------+---------+-------+---------+---------+-------
        D:1 |      26 |       1 |   3.7 |      14 |       1 |   6.7
        D:2 |      41 |       4 |   8.9 |      23 |       2 |   8.0
        D:3 |     292 |      49 |  14.4 |      32 |      16 |  33.3
        D:4 |     498 |     120 |  19.4 |      11 |       2 |  15.4
        D:5 |     543 |       0 |   0.0 |      17 |       0 |   0.0
        D:6 |     451 |       0 |   0.0 |      14 |       0 |   0.0
        D:7 |    1527 |       0 |   0.0 |      28 |       0 |   0.0
        D:8 |    1623 |    2234 |  57.9 |      30 |       1 |   3.2
        D:9 |     651 |    1867 |  74.1 |      14 |      18 |  56.2
       D:10 |    3576 |    1009 |  22.0 |      35 |       1 |   2.8
       D:11 |    3859 |     462 |  10.7 |      32 |       1 |   3.0
       D:12 |    7225 |     862 |  10.7 |      31 |       6 |  16.2
       D:13 |    8011 |    7631 |  48.8 |      26 |      15 |  36.6
       D:14 |    2209 |       0 |   0.0 |       5 |       0 |   0.0
       D:15 |    6659 |    1166 |  14.9 |      13 |       2 |  13.3
     Lair:1 |    4763 |    3819 |  44.5 |      26 |      32 |  55.2
     Lair:2 |    5479 |    6313 |  53.5 |      15 |      27 |  64.3
     Lair:3 |    4272 |    5887 |  57.9 |      22 |      52 |  70.3
     Lair:4 |    6173 |    2812 |  31.3 |      26 |       6 |  18.8
     Lair:5 |    9885 |       0 |   0.0 |      28 |       0 |   0.0
     Lair:6 |   14364 |    2948 |  17.0 |      28 |       5 |  15.2
    Swamp:1 |    9380 |    4295 |  31.4 |      23 |       6 |  20.7
    Swamp:2 |   14579 |       0 |   0.0 |      35 |       0 |   0.0
    Swamp:3 |   25772 |       0 |   0.0 |      57 |       0 |   0.0
    Snake:1 |   16498 |     848 |   4.9 |      31 |       1 |   3.1
    Snake:2 |   24973 |    3742 |  13.0 |      46 |       6 |  11.5
    Snake:3 |    8768 |       0 |   0.0 |      14 |       0 |   0.0
      Orc:1 |    5727 |    1098 |  16.1 |      59 |      16 |  21.3
      Orc:2 |    3252 |   11523 |  78.0 |      33 |      65 |  66.3
      Sewer |       0 |     114 | 100.0 |       0 |       6 | 100.0
     Bailey |       0 |    2240 | 100.0 |       0 |      26 | 100.0
            +---------+---------+-------+---------+---------+-------
